 Dungeon Crawl Stone Soup version 0.24.0 (webtiles) character file.

Game seed: 1395133083820695674, levelgen mode: deterministic

590 Nivan the Conjurer (level 7, 0/52 HPs)
             Began as a White Draconian Conjurer on Oct 25, 2019.
             Succumbed to Duvessa's poison
             ... on level 5 of the Dungeon.
             The game lasted 00:15:42 (4603 turns).

Nivan the Conjurer (White Draconian Conjurer)       Turns: 4603, Time: 00:15:43

Health: 0/52       AC:  6    Str: 10    XL:     7   Next: 16%
Magic:  1/13       EV: 13    Int: 17    God:
Gold:   253        SH:  0    Dex: 12    Spells: 11/14 levels left

rFire    x . .     SeeInvis .   m - +0 quarterstaff
rCold    + + .     Gourm    .   (shield currently unavailable)
rNeg     . . .     Faith    .   (armour unavailable)
rPois    .         Spirit   .   (helmet restricted)
rElec    .         Reflect  .   (no cloak)
rCorr    .         Harm     .   (no gloves)
MR       .....                  (no boots)
Stlth    ++........             (no amulet)
HPRegen  0.17/turn              j - ring of ice (curse)
MPRegen  0.13/turn              (no ring)

@: lethally poisoned (0 -> -28)
A: breathe frost, unfitting armour, hooves 1, blurry vision 1, cold resistance
1, cold-blooded, MP-powered wands, AC +6
a: Breathe Frost


You were on level 5 of the Dungeon.
You were not hungry.

You visited 1 branch of the dungeon, and saw 5 of its levels.

You collected 253 gold pieces.

Inventory:

Hand Weapons
 m - a +0 quarterstaff (weapon)
Jewellery
 j - a cursed ring of ice (left hand)
Wands
 l - a wand of flame (11)
 t - a wand of polymorph (7)
Scrolls
 c - a scroll of fear {unknown}
 d - a scroll of noise {unknown}
 g - 3 scrolls of teleportation {unknown}
 h - 3 scrolls of blinking {unknown}
 i - 3 scrolls of amnesia {unknown}
 p - a scroll of enchant armour {unknown}
 q - a scroll of fog {unknown}
 r - a scroll of magic mapping {unknown}
 s - a scroll of remove curse {unknown}
Potions
 a - a potion of mutation
 e - a potion of might {unknown}
 f - 2 potions of lignification {unknown}
 k - a potion of flight {unknown}
 n - a potion of degeneration {unknown}
 o - a potion of magic {unknown}
Comestibles
 b - 5 rations


   Skills:
 + Level 1.0 Fighting
 + Level 1.7 Staves
 + Level 3.0 Dodging
 + Level 2.5 Stealth
 + Level 4.2 Spellcasting
 + Level 6.3 Conjurations


You had 11 spell levels left.
You knew the following spells:

 Your Spells              Type           Power        Failure   Level  Hunger
a - Magic Dart            Conj           ####         1%          1    None
b - Searing Ray           Conj           ####..       1%          2    ##.....

Your spell library contained the following spells:

 Spells                   Type           Power        Failure   Level  Hunger
 Iskenderun's Mystic Bla  Conj           ####....     12%         4    ####...
 Dazzling Spray           Conj/Hex       ##....       13%         3    ###....
 Force Lance              Conj/Tloc      ##......     38%         4    ####...
 Fulminant Prism          Conj/Hex       ##........   38%         4    ####...


Dungeon Overview and Level Annotations

Branches:
Dungeon (5/15)
 Temple: D:4-7

Altars:
Cheibriados
Dithmenos
Elyvilon
Makhleb

Annotations:
D:5 Dowan, Duvessa


Innate Abilities, Weirdness & Mutations

You can breathe waves of freezing cold.
You can buffet flying creatures when you breathe cold.
Your icy white scales are hard. (AC +6)
You cannot fit into any form of body armour.
Your flesh is cold resistant. (rC+)
You are cold-blooded and may be slowed by cold attacks.
You have large cloven feet.
Scrolls take you a little longer to read.
You expend magic power (3 MP) to strengthen your wands.


Message History

* * * LOW HITPOINT WARNING * * *
You are more poisoned.
* * * LOW HITPOINT WARNING * * *
You feel sick.
* * * LOW HITPOINT WARNING * * *
You feel sick.
Dowan says, "My weaknesses are her strengths!"
Dowan gestures at Duvessa while chanting.
Duvessa seems to speed up.
* * * LOW HITPOINT WARNING * * *
You feel sick. Duvessa hits you but does no damage.
You are more poisoned.
Dowan smirks and points a slender finger.
* * * LOW HITPOINT WARNING * * *
You feel sick.
There is an open door here.
It was a potion of mutation.
You feel extremely strange.
You feel your magical essence link to the dungeon's wands.
Your vision blurs.
Your feet thicken and deform.
You die...

#.......##
#####'#####
#.........#
#.........#
#)........#..
#.........#..
#......e..#.#
#......e..#.#
#######@###.#
#..##.###
#####.#.(..#
#..........#
#.###......#
#######
#........#
#.....#
#..#.#.###
#.....#
#..#.#.##
#.....#
#..#.#..#


You could see Duvessa and Dowan.

Vanquished Creatures
  Edmund (D:4)
  A phantom (D:3)
  An ogre (D:4)
  A crimson imp (D:4)
  A hound (D:4)
  2 bullfrog skeletons
  2 worker ants (D:4)
  5 adders
  A white imp (D:4)
  An adder skeleton (D:4)
  2 worms
  A dart slug (D:1)
  3 leopard geckos (D:3)
  3 orcs
  3 giant cockroaches
  6 goblins
  8 hobgoblins
  9 jackals
  8 kobolds
  A quokka (D:4)
  A ball python (D:4)
  5 bats
  5 frilled lizards
  A leopard gecko skeleton (D:4)
  4 rats
76 creatures vanquished.

Notes
Turn   | Place    | Note
-------+----------+-------------------------------------------
     0 | D:1      | Nivan the Draconian Conjurer began the quest for the Orb.
     0 | D:1      | Reached XP level 1. HP: 14/14 MP: 3/3
   223 | D:1      | Reached XP level 2. HP: 14/20 MP: 0/5
   263 | D:1      | HP: 1/20 [dart slug/slug dart (3)]
  1057 | D:2      | Reached XP level 3. HP: 26/26 MP: 3/6
  1383 | D:2      | Found a shadowy altar of Dithmenos.
  1406 | D:2      | Reached skill level 5 in Conjurations
  2119 | D:3      | Reached XP level 4. HP: 33/33 MP: 3/7
  2152 | D:3      | Noticed a phantom
  2245 | D:2      | Learned a level 2 spell: Searing Ray
  2340 | D:3      | Killed a phantom
  2340 | D:3      | Reached XP level 5. HP: 39/39 MP: 2/9
  2994 | D:3      | You fall into a shaft and drop 2 floors!
  2994 | D:5      | Entered Level 5 of the Dungeon
  3068 | D:5      | Found a white marble altar of Elyvilon.
  3072 | D:5      | Found a burning altar of Makhleb.
  3072 | D:5      | Found a snail-covered altar of Cheibriados.
  3244 | D:4      | Reached XP level 6. HP: 36/46 MP: 0/11
  3507 | D:4      | Noticed Edmund
  3892 | D:4      | Killed Edmund
  3892 | D:4      | Reached skill level 1 in Staves
  3892 | D:4      | Reached skill level 6 in Conjurations
  4039 | D:4      | Your scales start taking on an icy white colour.
  4039 | D:4      | Reached XP level 7. HP: 48/51 MP: 11/13
  4039 | D:4      | Gained mutation: Your flesh is cold resistant. (rC+) [White
                  | Draconian growth]
  4139 | D:4      | Reached skill level 1 in Fighting
  4574 | D:5      | Noticed Duvessa
  4589 | D:5      | Noticed Dowan
  4603 | D:5      | Gained mutation: You expend magic power (3 MP) to
                  | strengthen your wands. [potion of mutation]
  4603 | D:5      | Gained mutation: Scrolls take you a little longer to read.
                  | [potion of mutation]
  4603 | D:5      | Gained mutation: You have large cloven feet. [potion of
                  | mutation]
  4603 | D:5      | Succumbed to Duvessa's poison

Levels and vault maps discovered:
D:1:      dpeg_arrival_rhombus, layout_rooms, patterned_corridor
D:2:      layout_rooms, overflow_temple_1_default, first_ration
D:3:      layout_loops_ring
D:4:      layout_cave_pods, minmay_fire_ice_demons, uniq_edmund
D:5:      cheibrodos_iron_armory, layout_basic,
          gammafunk_temple_overflow_forgotten, basic_altar, uniq_duvessa
